Map: Acid Plant LE

Players

Zeal

  • Race: Terran Terran
  • League: Gold
  • Spawn Location: 11:00

JaySlays - Winner!

  • Race: Protoss Protoss
  • Spawn Location: 5:00

VOD

Have the link to the VOD?

Description

Time

  • Played on: April 21, 2018, 10:41 p.m.
  • Length: 8:52
Show
View Real Time Build Order
Export as new Build Order

Zeal Terran 

Build Orders:  

Get SALT Encoding   

  12  0:01  SCV  
  13  0:13  SCV  
  14  0:19  Supply Depot  
  14  0:27  SCV  
  15  0:31  Refinery  
  15  0:43  Barracks  
  15  0:45  SCV  
  16  0:57  SCV  
  17  1:09  SCV  
  18  1:23  SCV  
  19  1:33  Marine  
  19  1:34  Factory  
  19  1:37  Orbital Command  
  20  1:58  Barracks Tech Lab  
  20  2:03  Barracks  
  20  2:04  SCV  
  20  2:06  Barracks  
  21  2:27  Marauder  
  23  2:34  Supply Depot  
  22  2:38  Stimpack  
  22  2:39  SCV  
  23  2:46  Refinery  
  23  2:59  Command Center  
  23  3:01  SCV  
  24  3:09  Marauder  
  26  3:24  SCV  
  27  3:27  Factory Reactor  
  27  3:33  Starport  
  27  3:37  Barracks Reactor  
  27  3:38  Barracks Tech Lab  
  27  3:41  SCV  
  28  3:49  Supply Depot  
  28  3:57  SCV  
  28  4:02  Engineering Bay  
  28  4:10  SCV  
  28  4:15  Refinery  
  29  4:19  Marine x2, Marauder  
  29  4:22  Liberator  
  33  4:27  SCV  
  34  4:32  Bunker  
  34  4:34  Marine  
  35  4:44  Marine  
  35  4:45  Marauder  
  41  4:47  SCV  
  41  4:49  SCV  
  43  4:59  SCV  
  44  5:01  SCV  
  44  5:02  Medivac  
  44  5:05  Marine  
  48  5:13  Missile Turret, SCV  
  49  5:15  SCV  
  32  5:26  Factory Reactor  
  22  5:38  Marine  
  22  5:39  Marine  
  18  6:01  Engineering Bay  
  6  7:22  Supply Depot  
Show
View Real Time Build Order
Export as new Build Order

JaySlays Protoss - Winner!

Build Orders: Dark Templar Rush 

Get SALT Encoding   

  1  0:00  Probe  
  13  0:13  Pylon, Probe  
  14  0:25  Probe  
  15  0:34  Gateway  
  15  0:38  Probe  
  16  0:45  Assimilator  
  16  0:50  Probe  
  17  0:58  Probe  
  18  1:06  Probe  
  19  1:16  Probe  
  19  1:20  Assimilator  
  19  1:24  Cybernetics Core  
  20  1:28  Probe  
  20  1:30  Pylon  
  21  1:42  Probe  
  22  1:50  Warp Gate  
  22  1:55  Probe  
  22  1:57  Gateway  
  25  2:01  Adept  
  25  2:07  Probe  
  26  2:19  Probe, Twilight Council  
  27  2:38  Robotics Facility  
  27  2:39  Adept  
  29  2:50  Gateway  
  29  3:04  Dark Shrine  
  29  3:18  Gateway  
  29  3:19  Gateway  
  28  3:27  Warp Prism  
  30  3:38  Pylon  
  30  4:03  Observer  
  30  4:04  Adept  
  33  4:23  Dark Templar x3  
  39  4:28  Pylon  
  39  5:03  Dark Templar  
  41  5:16  Dark Templar  
  43  5:28  Dark Templar  
  43  5:33  Zealot  
  42  6:08  Nexus  
  41  6:15  Stalker x3  
  47  6:36  Pylon  
  47  6:38  Pylon  
  47  6:55  Pylon  
  47  7:17  Assimilator  
  47  7:21  Assimilator  
  47  7:28  Probe x2  
  49  7:36  Probe  
  49  7:37  Probe  
  51  7:44  Probe  
  51  7:45  Probe  
  53  7:53  Stargate  
  53  7:54  Probe  
  53  7:55  Probe  
  55  8:10  Probe  
  55  8:13  Probe  
  55  8:18  Probe  
  57  8:25  Probe, Stargate  
  59  8:27  Probe  
  60  8:37  Probe  
Tags
 
Add a new tag
Caveats
  • Supply blocks, unpowered buildings, or Contaminate may cause inaccurate times.
  • Supply counts are checked every 10 seconds.